 Dungeon Sprint DCSS version 0.26-a0-651-gb41185065b (webtiles) character file.

Game seed: 5691808126655764351

91 sahdkjhfkaj the Ruffian (level 4, -5/75 HPs)
             Began as a Troll Monk on Sept 29, 2020.
             Killed from afar by an orc wizard (8 damage)
             ... with a puff of flame
             ... in the Dungeon (Sprint IX: "|||||||||||||||||||||||||||||").
             The game lasted 00:00:34 (38 turns).

sahdkjhfkaj the Ruffian (Troll Monk)                  Turns: 38, Time: 00:00:35

Health: -5/75      AC:  6    Str: 20    XL:     4   Next: 33%
Magic:  3/3        EV: 11    Int:  6    God:
Gold:   0          SH:  0    Dex: 12    Spells: 3/3 levels left

rFire    . . .     SeeInvis .     - Unarmed
rCold    . . .     Faith    .   (no shield)
rNeg     . . .     Spirit   .   a - +0 robe
rPois    .         Reflect  .   (helmet restricted)
rElec    .         Harm     .   (no cloak)
rCorr    .         Rampage  .   (gloves unavailable)
MR       .....     NoTele   +   (boots unavailable)
Stlth    ..........             (no amulet)
HPRegen  0.62/turn              (no ring)
MPRegen  0.08/turn              (no ring)

@: berserking, very quick
A: large, unfitting armour, claws 3, regeneration 1, shaggy fur 1, tough skin 3
a: no special abilities


You were in the Dungeon.
You visited 1 branch

Inventory:

Armour
 a - a +0 robe (worn)
Scrolls
 g - a scroll of blinking
Potions
 b - a potion of curing
 c - a potion of heal wounds
 d - a potion of haste
 e - 2 potions of magic


   Skills:
 - Level 5.0 Fighting
 - Level 2.9 Dodging
 - Level 1.0 Stealth
 + Level 7.2 Unarmed Combat


You had 3 spell levels left.
You didn't know any spells.
Your spell library was empty.

Dungeon Overview and Level Annotations

Branches:
Dungeon (1/1)

Altars:


Innate Abilities, Weirdness & Mutations

You are too large for most types of armour.
You have claws for hands.
Your natural rate of healing is unusually fast.
You are covered in fur. (AC +1)
You have extremely tough skin. (AC +3)


Message History

You feel stronger. x2
You have reached level 4!
The orc wizard hits you but does no damage.
You scratch the orc wizard.
The orc wizard is moderately wounded.
The orc wizard hits you with a +0 dagger.
* * * LOW HITPOINT WARNING * * *
You claw the orc wizard!
The orc wizard is almost dead.
You barely miss the orc wizard.
The orc wizard is almost dead.
The orc wizard hits you but does no damage.
You barely miss the orc wizard.
The orc wizard is almost dead.
You closely miss the orc wizard.
The orc wizard is almost dead.
The phantom blinks!
The orc wizard points at you and mumbles some strange words.
The puff of flame hits you!
You die... ▓▓▓▓▓▓▓▓▓▓▓▓▓▓▓▓▓▓ ▓<...†.....W@oa§5+ ▓▓▓▓▓▓▓▓▓▓▓▓▓▓▓▓▓▓

You could see a phantom, a worker ant, an orc wizard and a white imp.

Vanquished Creatures
  An ice beast (D)
  A dart slug (D)
  A bat (D)
  2 frilled lizards (D)
  A rat (D)
6 creatures vanquished.

Notes
Turn   | Place    | Note
-------+----------+-------------------------------------------
     0 | D        | sahdkjhfkaj the Troll Monk began the quest for the Orb.
     0 | D        | Reached XP level 1. HP: 22/22 MP: 0/0
    26 | D        | Noticed an ice beast
    26 | D        | Noticed an orc wizard
    26 | D        | Noticed a worker ant
    26 | D        | Noticed a phantom
    32 | D        | Killed an ice beast
    32 | D        | Reached skill level 4 in Unarmed Combat
    32 | D        | Reached skill level 5 in Unarmed Combat
    32 | D        | Reached skill level 6 in Unarmed Combat
    32 | D        | Reached skill level 7 in Unarmed Combat
    32 | D        | Reached skill level 5 in Fighting
    32 | D        | Reached XP level 2. HP: 3/35 MP: 1/1
    32 | D        | Reached XP level 3. HP: 4/42 MP: 2/2
    32 | D        | Reached XP level 4. HP: 5/50 MP: 3/3
    34 | D        | HP: 2/75 [orc wizard/+0 dagger (4)]
    38 | D        | Killed from afar by an orc wizard

Illustrated notes

Levels and vault maps discovered:
D:        linesprint [early_d, line_temple, items_1, d_10, items_2, lair_1,
          lair_end, items_3, orc_1, orc_end, items_4, d_15, swamp_1, shoals_1,
          snake_1, spider_1, d_20, vaults_1, items_5, swamp_end, shoals_end,
          snake_end, spider_end, vaults_end, d_27, items_6, zot_1, zot_end,
          crypt_end, forest_end, elf_end, slime_end, tomb_end, abyss_end,
          pan_hell_end]

Skill      XL: |  1 |
---------------+----+-----
Unarmed Combat | 7 |  7.2
Fighting       | 5 |  5.0
Dodging        | |  2.9
Stealth        | |  1.0

Action                   |  1- 3 |  4- 6 || total
-------------------------+-------+-------++-------
Melee: Unarmed           |    20 |     5 ||    25
  Use: Potion            |     1 |       ||     1
Armor: Robe              |     5 |     2 ||     7
Dodge: Dodged            |    11 |       ||    11

Table legend: (Time is in decaauts)
 A = Elapsed time spent in this place.
 B = Non-inter-level travel time spent in this place.
 C = Inter-level travel time spent in this place.
 D = Time resting spent in this place.
 E = Time spent auto-exploring this place.
 F = Levels seen in this place.
 G = Mean time per level.
                   A        B        C        D        E       F      G
               +--------+--------+--------+--------+--------+-----+--------+
         Total |     33 |     33 |      0 |      0 |      8 |   1 |   33.0 |
       Dungeon |     33 |     33 |      0 |      0 |      8 |   1 |   33.0 |
               +--------+--------+--------+--------+--------+-----+--------+

Top non-repeatable levels by time:
       D: 33 daAuts
